 Dungeon Crawl Stone Soup version 0.28.0-43-g3370ac3207 (webtiles) character file.

Game seed: 8593904236014877688

105 crimpus the Magician (level 4, 0/24 HPs)
             Began as a Deep Elf Fire Elementalist on Mar 13, 2022.
             Slain by a hornet (5 damage)
             ... on level 4 of the Dungeon.
             The game lasted 00:03:14 (2413 turns).

crimpus the Magician (Deep Elf Fire Elementalist)   Turns: 2413, Time: 00:03:15

Health: 0/24       AC:  2    Str:  5    XL:     4   Next: 53%
Magic:  1/12       EV: 12    Int: 22    God:
Gold:   40         SH:  0    Dex: 15    Spells: 9/12 levels left

rFire   . . .      SeeInvis .   (no weapon)
rCold   . . .      Faith    .   (no shield)
rNeg    . . .      Spirit   .   a - +0 robe
rPois   .          Reflect  .   (no helmet)
rElec   .          Harm     .   (no cloak)
rCorr   .          Rampage  .   (no gloves)
Will    .....                   (no boots)
Stlth   ++........              (no amulet)
HPRegen 0.08/turn               (no ring)
MPRegen 0.13/turn               (no ring)

@: lethally poisoned (0 -> -4), slowed, very slow
A: no striking features
a: no special abilities


You were on level 4 of the Dungeon.
You visited 1 branch of the dungeon, and saw 3 of its levels.

You collected 40 gold pieces.

Inventory:

Armour
 a - a +0 robe (worn)


   Skills:
 + Level 2.6 Dodging
 + Level 2.7 Stealth
 + Level 4.5 Spellcasting
 + Level 2.4 Conjurations
 + Level 4.3 Fire Magic


You had 9 spell levels left.
You knew the following spells:

 Your Spells              Type           Power      Damage    Failure   Level
a - Foxfire               Conj/Fire      76%        2x1d7     2%          1
b - Scorch                Fire           46%        2d7       2%          2

Your spell library contained the following spells:

 Spells                   Type           Power      Damage    Failure   Level
 Conjure Flame            Conj/Fire      19%        6-21      8%          3
 Sandblast                Erth           8%         2d5       11%         1
 Inner Flame              Hex/Fire       14%        N/A       13%         3
 Passwall                 Tmut/Erth      3%         N/A       16%         2
 Stone Arrow              Conj/Erth      20%        3d8       19%         3
 Flame Wave               Conj/Fire      19%        2d6       26%         4


Dungeon Overview and Level Annotations

Branches:
Dungeon (2/15)

Altars:


Message History

The orc wizard hits you with a +0 dagger.
Unknown command.
Sorry, you're not good enough to have a special ability.
Casting: Foxfire (safe; 3% risk of failure)
Confirm with . or Enter, or press ? or * to list all spells.
Flames lash the orc.
You kill the orc!
The foxfire hits the kobold brigand.
The kobold brigand is lightly wounded.
The foxfire hits the orc wizard.
You kill the orc wizard!
Casting: Scorch (safe; 2% risk of failure)
Confirm with . or Enter, or press ? or * to list all spells.
Flames lash the kobold brigand.
The kobold brigand is heavily wounded.
The kobold brigand's fire resistance burns away.
The kobold brigand throws a curare-tipped dart.
The curare-tipped dart hits you.
You are poisoned.
You have difficulty breathing.
You feel yourself slow down.
Things that are here:
a +0 club; a +0 leather armour; an orc corpse
Aiming: Polymorph
Press: ? - help, Shift-Dir - straight line, f - kobold brigand
Aim: a kobold brigand, wielding a +0 dagger and quivering curare-tipped darts (heavily wounded, more vulnerable to fire, will become a wyvern, a hornet, or a human, chance to affect: 49%)
The kobold brigand evaporates and reforms as a hornet!
You feel very sick. The hornet barely misses you.
Aiming: Polymorph
Press: ? - help, Shift-Dir - straight line, f/p - hornet
Aim: a hornet (will become a harpy, a sky beast, or a steam dragon, chance to affect: 39%)
The hornet resists with some effort.
* * * LOW HITPOINT WARNING * * *
You feel sick. The hornet barely misses you. The hornet misses you.
Aiming: Polymorph
Press: ? - help, Shift-Dir - straight line, f/p - hornet
Aim: a hornet (will become a harpy, a sky beast, or a steam dragon, chance to affect: 39%)
The hornet resists with some effort.
The now-empty wand crumbles to dust.
You feel sick. The hornet stings you.
You die...

...)...
.......
........
###........
##........
#..##.....
##)##.###.
#.y)./#
#.@...#
####..#
.....
......
.......
####... ...


You could see a hornet.

Vanquished Creatures
  Jessica (D:2)
  An orc wizard (D:4)
  2 dart slugs (D:1)
  2 orcs (D:4)
  5 ball pythons (D:1)
  5 endoplasms
  A giant cockroach (D:4)
  5 goblins (D:1)
  2 hobgoblins (D:1)
  5 jackals (D:1)
  2 quokkas (D:1)
  3 bats (D:1)
  6 frilled lizards
  4 kobolds
  3 rats (D:1)
47 creatures vanquished.

Vanquished Creatures (others)
  235 foxfires
235 creatures vanquished.

Grand Total: 282 creatures vanquished

Notes
Turn   | Place    | Note
-------+----------+-------------------------------------------
     0 | D:1      | crimpus the Deep Elf Fire Elementalist began the quest for
                  | the Orb.
     0 | D:1      | Reached XP level 1. HP: 10/10 MP: 6/6
   280 | D:1      | Reached XP level 2. HP: 15/15 MP: 4/8
   965 | D:1      | Found a faded altar of an unknown god.
  1187 | D:1      | Reached XP level 3. HP: 15/19 MP: 0/10
  2179 | D:2      | Noticed Jessica
  2183 | D:2      | Killed Jessica
  2184 | D:2      | Reached XP level 4. HP: 24/24 MP: 7/12
  2187 | D:2      | Learned a level 2 spell: Scorch
  2350 | D:2      | You fall into a shaft and drop 2 floors!
  2407 | D:4      | Noticed a kobold brigand
  2411 | D:4      | Noticed a hornet
  2411 | D:4      | a kobold brigand changed into a hornet
  2413 | D:4      | Slain by a hornet

Illustrated notes

Levels and vault maps discovered:
D:1:      dpeg_arrival_subterranean_lakeside_camping, layout_basic,
          hellmonk_ecumenical_altar_leap_of_faith
D:2:      layout_basic, basic_altar, uniq_jessica
D:4:      layout_cave_pools, nicolae_hepliaklqana_hippocampus, chequers_jeans,
          uniq_grinder

Skill      XL: |  1  2  3 |
---------------+----------+-----
Conjurations   | 2 |  2.4
Spellcasting   | 4 |  4.5
Fire Magic     | 4 |  4.3
Dodging        | |  2.6
Stealth        | |  2.7

Action                   |  1- 3 |  4- 6 || total
-------------------------+-------+-------++-------
 Cast: Foxfire           |   142 |    15 ||   157
       Scorch            |       |     3 ||     3
Evoke: Wand              |       |     3 ||     3
  Use: Scroll            |     1 |       ||     1
       Potion            |     1 |       ||     1
Armor: Robe              |     2 |       ||     2
Dodge: Dodged            |    13 |     3 ||    16
